 Dungeon Crawl Stone Soup version 0.01-2115-ge649c80b0b (webtiles) character file.

Game seed: 10988199761835550243, levelgen mode: deterministic

1134 Lanoc the Skirmisher (level 8, -2/74 HPs) Green Draconian Demonspawn. Began on June 10, 2020. Slain by a wight ... wielding a +0 great sword (7 damage) ... on level 3 of the Dungeon. The game lasted 00:06:11 (1204 turns).

Lanoc the Skirmisher (Green Draconian Demonspawn)   Turns: 1204, Time: 00:06:11

Health: -2/74      AC: 10    Str: 16    XL:     8 ^: 1177
Magic:  6/12       EV: 14    Int: 13    God:
Gold:   76         SH:  0    Dex: 13    Spells: 11/12 levels left

rFire    . . .     Vision   .   a - +0 trident
rCold    + . .     Gourm    .   (no weapon)
rNeg     . . .     Faith    .   (armour unavailable)
rPois    +         Spirit   .   (helmet restricted)
rElec    .         Reflect  .   (no cloak)
rCorr    .         Harm     .   (no gloves)
MR       .....                  (no boots)
Stlth    +.........             (no amulet)
HPRegen  0.34/turn              (no ring)
MPRegen  0.22/turn              (no ring)

@: very slightly contaminated, drained
A: no body armour, unfitting armour, antennae 1, molten scales 2, cold
resistance 1, cold-blooded, poison enhancer 1, rPois, AC +7
a: Breathe Noxious Fumes


You were on level 3 of the Dungeon.
You were very hungry.

You visited 1 branch of the dungeon, and saw 4 of its levels.

You collected 76 gold pieces.

Inventory:

Weapons
 a - a +0 trident (weapon)
 b - a cursed +2 vampiric dagger {(Curse: MR-)}
Scrolls
 e - a scroll of blinking
 f - a scroll of magic mapping
 g - a scroll of teleportation
Potions
 d - a potion of lignification
 h - a potion of cancellation
 i - a potion of mutation
Comestibles
 c - 2 rations


   Skills:
 + Level 7.8(6.9) Fighting
 - Level 1.5(0.8) Polearms
 + Level 5.7(4.9) Dodging
 - Level 1.3(0.6) Stealth
 - Level 2.6(1.9) Spellcasting
   Level 3.0(2.2) Invocations


You had 11 spell levels left.
You knew the following spells:

 Your Spells              Type           Power        Failure   Level  Hunger
a - Flame Tongue          Fire           1 (40)       26%         1    ##.....

Your spell library contained the following spells:

 Spells                   Type           Power        Failure   Level  Hunger
 Blink                    Tloc           N/A          36%         2    ###....
 Call Imp                 Summ           1 (100)      36%         2    ###....
 Slow                     Hex            1 (100)      36%         2    ###....
 Conjure Flame            Fire           1 (100)      61%         3    ####...
 Mephitic Cloud           Pois/Air       1 (100)      61%         3    ####...


Dungeon Overview and Level Annotations

Branches:
Dungeon (4/8)
 Temple: D:4

Altars:


Innate Abilities, Weirdness & Mutations

You cannot fit into any form of body armour.
Your lurid green scales are hard. (AC +7)
You can breathe clouds of noxious fumes.
You have a pair of small antennae on your head.
You are mostly covered in molten scales. (AC +3)
You are cold resistant. (rC+)
You are cold-blooded and may be slowed by cold attacks.
You are in touch with the powers of venom.
Your lurid green scales grant you resistance to poison. (rPois)


Message History

The wight hits you with a +0 great sword (11)!
* * * LOW HITPOINT WARNING * * *
Casting: Flame Tongue (safe; 26% risk of failure)
Confirm with . or Enter, or press ? or * to list all spells.
Aiming: Flame Tongue (safe; 26% risk of failure)
Press: ? - help, Shift-Dir - straight line, f/p - wight
Aim: a wight, wielding a +0 great sword and wearing a +0 robe (severely damaged (6/16))
You miscast Flame Tongue.
The air around you burns with energy!
You are feeling very hungry.
The wight misses you (0).
Casting: Flame Tongue (safe; 26% risk of failure)
Confirm with . or Enter, or press ? or * to list all spells.
Aiming: Flame Tongue (safe; 26% risk of failure)
Press: ? - help, Shift-Dir - straight line, f/p - wight
Aim: a wight, wielding a +0 great sword and wearing a +0 robe (severely damaged (6/16))
The flame tongue misses the wight.
The wight hits you with a +0 great sword (15)!
* * * LOW HITPOINT WARNING * * *
You feel drained.
You die...

#....###### #.....# #
#.........## #.....# ####
#....####..######.....# ##...
#....# ##............# #..#.
#....# ########...### ##....
#....###### #....# ##.....
....#.....# ##..#.# #.....#
##........# #...#.# #......
#.#......# #@#.#.# ##....##
#.#.###### #z#.#)# ##.....#
##.#.# ##.#.#.# ##.....## .#.#.#
##>.#.#)###......### .#...#
#..##.#)#........... .....###
##.##<.#.......#.....
.#.#...######....>......#.##.....
............#.#.......).......#..
†.......###.....#............##.#


You could see a wight.

Vanquished Creatures
  2 porcupines (D:3)
  2 ogres (D:3)
  2 big kobolds (D:2)
  A bullfrog (D:2)
  A scorpion (D:3)
  A howler monkey (D:3)
  4 jellies (D:2)
  An orc priest (D:3)
  2 hounds
  An iguana (D:3)
  A worker ant (D:4)
  A bullfrog skeleton (D:3)
  2 adders (D:3)
  17 sewer rats (D:2)
  A white imp (D:3)
  4 worms
  A hound skeleton (D:3)
  An ooze (D:2)
  5 orcs (D:3)
  An adder skeleton (D:2)
  A ball python (D:3)
  2 bats
  2 giant cockroaches (D:2)
  A hobgoblin (D:1)
  2 bat skeletons (D:2)
  8 kobolds (D:2)
  A rat (D:2)
68 creatures vanquished.

Vanquished Creatures (others)
  2 withered plants (D:2)
2 creatures vanquished.

Grand Total: 70 creatures vanquished

Notes
Turn   | Place    | Note
-------+----------+-------------------------------------------
     0 | D:1      | Lanoc the Immature Draconian Demonspawn began the quest for
                  | the Orb.
     0 | D:1      | Reached XP level 1. HP: 18/18 MP: 4/4
    39 | D:2      | Noticed a big kobold
    63 | D:2      | Noticed a jelly
    67 | D:2      | Killed a jelly
    67 | D:2      | Reached skill level 3 in Fighting
    67 | D:2      | Gained mutation: You are partially covered in molten
                  | scales. (AC +2) [demonic ancestry]
    67 | D:2      | Reached XP level 2. HP: 26/26 MP: 3/5
    67 | D:2      | Reached XP level 3. HP: 31/31 MP: 4/7
    79 | D:2      | Killed a big kobold
    79 | D:2      | Reached skill level 4 in Fighting
    79 | D:2      | Gained mutation: You have a pair of small antennae on your
                  | head. [demonic ancestry]
    79 | D:2      | Reached XP level 4. HP: 30/40 MP: 0/8
   137 | D:2      | Reached XP level 5. HP: 47/47 MP: 7/9
   196 | D:2      | Reached skill level 5 in Fighting
   252 | D:2      | Gained mutation: You are cold resistant. (rC+) [demonic
                  | ancestry]
   252 | D:2      | Reached XP level 6. HP: 56/56 MP: 8/10
   563 | D:2      | Reached skill level 6 in Fighting
   582 | D:2      | Your scales start taking on a lurid green colour.
   582 | D:2      | Reached XP level 7. HP: 62/63 MP: 4/11
   582 | D:2      | Gained mutation: You are mostly covered in molten scales.
                  | (AC +3) [demonic ancestry]
   582 | D:2      | Gained mutation: Your lurid green scales grant you
                  | resistance to poison. (rPois) [Green Draconian growth]
   582 | D:2      | Gained mutation: You are in touch with the powers of venom.
                  | [Green Draconian growth]
   685 | D:3      | Reached skill level 5 in Dodging
   779 | D:3      | Reached skill level 7 in Fighting
   862 | D:3      | Reached XP level 8. HP: 63/74 MP: 12/12
  1204 | D:3      | Slain by a wight

Levels and vault maps discovered:
D:1:      lordsloth_arrival_two_stooges, layout_basic, first_ration
D:2:      layout_sewer
D:3:      layout_rooms
D:4:      layout_rooms, lightli_temple_of_fire, grunt_temple_overflow_open,
          nicolae_overflow_crystal_walls, temple_green, uniq_joseph, uniq_erica,
          uniq_psyche

Skill      XL: |  1  2  3  4  5  6  7 |
---------------+----------------------+-----
Fighting       | 3 4 5 6 7 |  7.8
Dodging        | 3 4 5 |  5.7
Polearms       | |  1.5
Stealth        | |  1.3
Spellcasting   | |  2.6
Invocations    | |  3.0

Action                   |  1- 3 |  4- 6 |  7- 9 || total
-------------------------+-------+-------+-------++-------
Melee: Trident           |    18 |    36 |   111 ||   165
       Unarmed           |    11 |    21 |    74 ||   106
       Tailslap          |       |     3 |    16 ||    19
 Cast: Flame Tongue      |     5 |    38 |     7 ||    50
 Abil: Breathe Dart      |     1 |     3 |       ||     4
       Breathe Noxious F |       |       |     8 ||     8
 Stab: Confused          |       |       |     9 ||     9
  Eat: Chunk             |       |       |     4 ||     4
Armor: Skin              |     7 |    10 |    26 ||    43
Dodge: Dodged            |    27 |    46 |    72 ||   145
